 Dungeon Crawl Stone Soup version 0.29.1-12-g30fa7ad0bf (webtiles) character file.

Game seed: 4896158003530463727

105 zeram the Cudgeller (level 4, -1/44 HPs)
             Began as a Troll Fighter on Dec 22, 2022.
             Was an Initiate of Gozag.
             Slain by a small abomination (6 damage)
             ... on level 1 of the Abyss.
             The game lasted 00:06:25 (2082 turns).

zeram the Cudgeller (Troll Fighter)                 Turns: 2082, Time: 00:06:26

Health: -1/44      AC:  4    Str: 24    XL:     4   Next: 54%
Magic:  3/3        EV:  9    Int:  6    God:    Gozag
Gold:   79         SH:  7    Dex:  9    Spells: 3/3 levels left

rFire   . . .      SeeInvis .   a - +0 flail
rCold   . . .      Faith    .   c - +0 kite shield
rNeg    . . .      Spirit   .   b - +0 robe
rPois   .          Reflect  .   (helmet restricted)
rElec   .          Harm     .   (no cloak)
rCorr   .          Rampage  .   (gloves unavailable)
Will    .....                   (boots unavailable)
Stlth   +.........              (no amulet)
HPRegen 0.94/turn               (no ring)
MPRegen 0.08/turn               (no ring)

@: no status effects
A: large, unfitting armour, claws 3, regeneration 1, shaggy fur 1, tough skin 1
a: Renounce Religion, Potion Petition, Call Merchant, Bribe Branch


You were on level 1 of the Abyss.
You worshipped Gozag.
Gozag was noncommittal.
You visited 1 branch of the dungeon, and saw 3 of its levels.
You visited the Abyss 1 time.

You collected 124 gold pieces.
You paid 45 gold pieces to Gozag.

Inventory:

Hand Weapons
 a - a +0 flail (weapon)
Missiles
 i - a throwing net (quivered)
Armour
 b - a +0 robe (worn)
 c - a +0 kite shield (worn)
Scrolls
 f - a scroll of enchant armour
 j - a scroll of fear {unknown}
 l - a scroll of amnesia
 m - a scroll of teleportation {unknown}
 n - a scroll of poison {unknown}
Potions
 d - a potion of might
 e - a potion of mutation
 g - a potion of lignification
 h - 3 potions of brilliance


   Skills:
 - Level 2.4 Fighting
 + Level 3.5 Maces & Flails
 + Level 3.2 Dodging
 + Level 0.3 Stealth
 - Level 2.6 Shields


You had 3 spell levels left.
You didn't know any spells.
Your spell library contained the following spells:

 Spells                   Type           Power      Damage    Failure   Level
 Foxfire                  Conj/Fire      0%         2x1d4     77%         1
 Conjure Flame            Conj/Fire      0%         6-21      98%         3
 Inner Flame              Hex/Fire       0%         N/A       98%         3
 Flame Wave               Conj/Fire      0%         2d4       100%        4


Dungeon Overview and Level Annotations

Branches:
Dungeon (3/15)

Altars:
Vehumet
Xom


Innate Abilities, Weirdness & Mutations

You are too large for most types of armour.
You have claws for hands.
Your natural rate of healing is unusually fast.
You are covered in fur. (AC +1)
You have tough skin. (AC +1)


Message History

The orc is almost dead.
The orc hits you with a +2 falchion of distortion.
The orc barely misses you.
You hit the orc but do no damage.
The orc is almost dead.
The orc barely misses you.
You hit the orc but do no damage.
The orc is almost dead.
The orc hits you but does no damage.
You are cast into the Abyss!
This branch contains the abyssal rune of Zot.
Found an opulent altar of Gozag.
There is an opulent altar of Gozag here.
You kneel at the altar of Gozag.
Gozag welcomes you!
You pay a service fee of 45 gold.
Found a gateway leading deeper into the Abyss.
Press: ? - help, v - describe, . - travel A crystal wall.
Found a gateway leading deeper into the Abyss.
The brown very ugly thing attacks as you move away!
The brown very ugly thing headbutts you!!
Ouch! That really hurt!
You are splashed with acid!
* * * LOW HITPOINT WARNING * * *
Okay, then.
The brown very ugly thing closely misses you.
The brown very ugly thing attacks as you move away!
You block the brown very ugly thing's attack.
A small abomination comes into view.
The brown very ugly thing attacks as you move away!
The brown very ugly thing headbutts you but does no damage.
Unknown command.
The small abomination attacks as you move away!
The small abomination hits you!!
* * * LOW HITPOINT WARNING * * *
The small abomination attacks as you move away!
The small abomination hits you.
You die...
Your body crumbles into a pile of gold.

### #...# ..#
#...#
#.####..#§
#..#..#.#.§ #
#......#...#
#.##....##.###
#...#.u..##. #
#..x..##... #
#@.....##.
#.###.#...#.
... ...#..##
#..## #...#.
##. ..#. # .##


You could see a brown very ugly thing and a small abomination.

Vanquished Creatures
  An orc wizard (D:3)
  2 adders (D:2)
  2 worms
  A dart slug (D:3)
  4 orcs (D:3)
  2 ball pythons (D:2)
  6 bats
  3 endoplasms
  3 giant cockroaches
  3 hobgoblins
  4 jackals (D:2)
  2 quokkas (D:2)
  5 frilled lizards (D:1)
  2 goblins
  5 kobolds
  5 rats
50 creatures vanquished.

Notes
Turn   | Place    | Note
-------+----------+-------------------------------------------
     0 | D:1      | zeram the Troll Fighter began the quest for the Orb.
     0 | D:1      | Reached XP level 1. HP: 22/22 MP: 0/0
   363 | D:1      | Reached XP level 2. HP: 29/29 MP: 1/1
   983 | D:2      | Reached XP level 3. HP: 33/36 MP: 2/2
  1099 | D:2      | Found a faded altar of an unknown god.
  1308 | D:2      | Found a shimmering altar of Xom.
  1805 | D:3      | Reached XP level 4. HP: 44/44 MP: 3/3
  1917 | D:3      | Found a radiant altar of Vehumet.
  2010 | Abyss:1  | Cast into level 1 of the Abyss (orc)
  2021 | Abyss:1  | Found an opulent altar of Gozag.
  2029 | Abyss:1  | Became a worshipper of Gozag Ym Sagoz the Greedy
  2044 | Abyss:1  | Noticed a brown very ugly thing
  2074 | Abyss:1  | Noticed a small abomination
  2082 | Abyss:1  | Slain by a small abomination

Illustrated notes

Levels and vault maps discovered:
D:1:      giann_bridges, layout_loops_corners
D:2:      layout_basic, basic_altar, ebering_ecumenical_altar_sacrificial
D:3:      layout_rooms, lemuel_doored_altar
Abyss:1:  base: D:3, minivault_11, hangedman_shadowy_showcase, minivault_11,
          evilmike_abyss_exit_glass

Skill      XL: |  1  2  3 |
---------------+----------+-----
Maces & Flails | 2 3 |  3.5
Dodging        | 3 |  3.2
Fighting       | |  2.4
Stealth        | |  0.3
Shields        | |  2.6

Action                   |  1- 3 |  4- 6 || total
-------------------------+-------+-------++-------
Melee: Flail             |   150 |    43 ||   193
  Use: Scroll            |     6 |     1 ||     7
 Stab: Sleeping          |     1 |       ||     1
       Distracted        |     1 |       ||     1
Armor: Robe              |    72 |    10 ||    82
Dodge: Dodged            |    49 |    17 ||    66
Block: Kite shield       |    69 |    11 ||    80
